 Dungeon Crawl Stone Soup version 0.23-a0-516-g0f8c2457b6 (webtiles) character file.

8806 FollowTheCloud the Grappler (level 11, -3/113 HPs)
             Began as a Troll Monk on Dec 5, 2018.
             Slain by a spiny frog (19 damage)
             ... on level 1 of the Lair of Beasts.
             The game lasted 00:27:10 (9726 turns).

FollowTheCloud the Grappler (Troll Monk)            Turns: 9726, Time: 00:27:11

Health: -3/113     AC:  6    Str: 21    XL:     11   Next: 14%
Magic:  0/10       EV: 12    Int:  6    God:
Gold:   537        SH:  0    Dex: 15    Spells: 10/10 levels left

rFire    . . .     SeeInvis .     - Unarmed
rCold    . . .     Gourm    +   (no shield)
rNeg     . . .     Faith    .   a - +0 robe
rPois    .         Spirit   +   (helmet restricted)
rElec    .         Reflect  .   e - scarf {Spirit}
rCorr    .         Harm     .   (gloves unavailable)
MR       .....                  (boots unavailable)
Stlth    ++........             (no amulet)
HPRegen  0.68/turn              y - ring of flight
MPRegen  0.12/turn              E - +1 ring of protection

@: lethally poisoned (-3 -> -4)
A: large, unfitting armour, claws 3, fast metabolism 3, gourmand, regeneration
1, shaggy fur 1, tough skin 2
a: Evoke Flight


You were on level 1 of the Lair of Beasts.
You were full.

You visited 3 branches of the dungeon, and saw 12 of its levels.
You also visited: Ossuary.

You collected 537 gold pieces.

Inventory:

Hand Weapons
 J - a +2 dagger of freezing
Armour
 a - a +0 robe (worn)
 e - a scarf of spirit shield (worn)
Jewellery
 c - a cursed ring of attention {unknown}
 y - a ring of flight (left claw)
 E - a +1 ring of protection (right claw)
Wands
 p - a wand of iceblast (9)
 v - a wand of enslavement (8)
 H - a wand of random effects (27)
 I - a wand of flame (23)
Scrolls
 f - a scroll of torment
 g - 2 scrolls of blinking
 h - 3 scrolls of amnesia
 j - 3 scrolls of noise
 m - 5 scrolls of random uselessness {unknown}
 n - 3 scrolls of immolation
 r - 3 scrolls of teleportation
 u - 6 scrolls of remove curse
 z - 3 scrolls of identify
 A - a scroll of fear {unknown}
 F - a scroll of fog {unknown}
 G - 2 scrolls of enchant armour {unknown}
Potions
 d - 11 potions of curing {unknown}
 i - 3 potions of heal wounds {unknown}
 k - 2 potions of cancellation {unknown}
 l - a potion of magic {unknown}
 o - a potion of mutation {unknown}
 q - 3 potions of resistance {unknown}
 s - 2 potions of haste {unknown}
 t - 2 potions of lignification {unknown}
 w - 4 potions of degeneration {unknown}
 x - 2 potions of flight {unknown}
 B - 2 potions of ambrosia {unknown}
 C - 2 potions of brilliance {unknown}
 D - a potion of invisibility {unknown}
Comestibles
 b - 16 rations


   Skills:
 + Level 8.6 Fighting
 + Level 4.3 Dodging
 - Level 1.0 Stealth
 * Level 13.6 Unarmed Combat


You had 10 spell levels left.
You didn't know any spells.
Your spell library contained the following spells:

 Spells                   Type           Power        Failure   Level  Hunger
 Animate Skeleton         Necr           N/A          45%         1    ##.....
 Apportation              Tloc           #.....       45%         1    ##.....
 Confusing Touch          Hex            #.....       45%         1    ##.....
 Magic Dart               Conj           #...         45%         1    ##.....
 Summon Small Mammal      Summ           #...         45%         1    ##.....
 Blink                    Tloc           N/A          58%         2    ###....
 Call Imp                 Summ           #.......     58%         2    ###....
 Searing Ray              Conj           #.....       58%         2    ###....
 Slow                     Hex            #.......     58%         2    ###....
 Conjure Flame            Conj/Fire      #.......     83%         3    ####...
 Dazzling Spray           Conj/Hex       #.....       83%         3    ####...
 Mephitic Cloud           Conj/Pois/Air  #.......     83%         3    ####...
 Force Lance              Conj/Tloc      #.......     99%         4    #####..
 Fulminant Prism          Conj/Hex       #.........   99%         4    #####..
 Iskenderun's Mystic Bla  Conj           #.......     99%         4    #####..


Dungeon Overview and Level Annotations

Branches:
Dungeon (10/15)            Temple (1/1) D:6            Lair (1/6) D:10
    Orc: D:9-12

Altars:
Ashenzari
Cheibriados
Dithmenos
Elyvilon
Fedhas
Gozag
Hepliaklqana
Kikubaaqudgha
Makhleb
Nemelex Xobeh
Okawaru
Qazlal
Ru
Sif Muna
Trog
Uskayaw
Vehumet
Wu Jian
Xom
Yredelemnul
Zin
The Shining One

Shops:
D:5 (*[*!

Annotations:
Lair:1 Urug


Innate Abilities, Weirdness & Mutations

You are too large for most types of armour.
You have claws for hands.
Your metabolism is lightning-fast.
You like to eat raw meat.
Your natural rate of healing is unusually fast.
You are covered in fur. (AC +1)
You have very tough skin. (AC +2)


Message History

The spiny frog stings you!
You are poisoned.
The spiny frog poisons you!
You scratch the yak. Your claw misses the yak.
The yak is almost dead.
You feel sick. The yak gores you!
You feel sick. The spiny frog barely misses you.
You feel sick.
You feel sick.
You feel sick.
You feel sick. The spiny frog stings you!
You feel sick.
You feel sick.
You feel sick. The spiny frog stings you!!
* * * LOW HITPOINT WARNING * * *
There is a staircase back to the Dungeon, spattered with blood here.
Unknown command.
You feel sick. The spiny frog stings you!!
You die...

.....###...............###..##
....# ##...................##
...# #...Yt...............##
... #.................##.P##
.. ##..................#...# .
#.......YYF.......####.## .
##.................# #..##
#..........FYY....## #...#
##..........@..[..# ##.##
#................## ##.##
#...............## #..##
#P.....####.....# #...#
###.#### #....## #.... ###
#####....### ###.#P#
#.##.......## #.#.###
##..........# ##.##
#..........)## ##.#


You could see 5 yaks, a spiny frog, a crocodile and a bullfrog.

Vanquished Creatures
  Nergalle (Lair:1)
  An oklob plant (D:10)
  A black mamba (Lair:1)
  A spiny frog (Lair:1)
  A merfolk (D:9)
  A troll (D:10)
  4 hippogriffs
  3 orc warriors
  6 ice beasts
  A sky beast (D:10)
  2 black bears (D:7)
  A phantom (D:6)
  7 ogres
  2 necrophages
  5 wolves (Lair:1)
  A crocodile (D:10)
  5 centaurs
  A big kobold (D:6)
  6 bullfrogs
  4 scorpions
  5 killer bees
  7 wights (D:9)
  2 howler monkeys
  7 crimson imps
  2 quasits
  A bullfrog zombie (D:5)
  2 centaur zombies
  7 hounds
  3 human zombies (Ossuary)
  4 jellies
  14 orc wizards
  4 bullfrog skeletons
  2 orc priests
  2 iguanas
  5 worker ants
  A big kobold zombie (Ossuary)
  A hound zombie (D:10)
  3 hound skeletons
  4 mummies (Ossuary)
  2 worker ant zombies
  Robin (D:2)
  16 adders
  3 shadow imps
  An ooze (D:3)
  An adder zombie (D:9)
  3 adder skeletons
  4 worms
  4 dart slugs
  4 leopard geckos
  36 orcs
  8 bats
  7 giant cockroaches
  14 goblins
  5 hobgoblins
  17 jackals
  11 kobolds
  4 quokkas
  2 frilled lizards (D:5)
  A giant cockroach zombie (D:5)
  2 kobold zombies (Ossuary)
  A leopard gecko zombie (D:6)
  An orc zombie (Ossuary)
  A quokka skeleton (D:7)
  7 rats
  2 plants (D:10)
288 creatures vanquished.

Vanquished Creatures (others)
  A centaur (D:6)
  A fungus (Lair:1)
2 creatures vanquished.

Grand Total: 290 creatures vanquished

Notes
Turn   | Place    | Note
-------+----------+-------------------------------------------
     0 | D:1      | FollowTheCloud the Troll Monk began the quest for the Orb.
     0 | D:1      | Reached XP level 1. HP: 22/22 MP: 0/0
   120 | D:1      | You fall through a shaft!
   163 | D:2      | Reached XP level 2. HP: 29/29 MP: 1/1
   280 | D:2      | Reached XP level 3. HP: 34/36 MP: 2/2
   370 | D:1      | Reached skill level 4 in Unarmed Combat
  1166 | D:2      | Reached XP level 4. HP: 43/45 MP: 3/3
  1215 | D:2      | Noticed Robin
  1276 | D:2      | Killed Robin
  2074 | D:4      | Reached skill level 5 in Unarmed Combat
  2101 | D:4      | Reached XP level 5. HP: 47/53 MP: 4/4
  2206 | D:4      | Found a blossoming altar of Fedhas.
  2206 | D:4      | Noticed a centaur
  2212 | D:4      | Killed a centaur
  2212 | D:4      | Reached XP level 6. HP: 55/62 MP: 3/5
  2280 | D:4      | Reached skill level 6 in Unarmed Combat
  2290 | D:4      | Found a hide-covered altar of Uskayaw.
  2869 | D:5      | Entered Level 5 of the Dungeon
  3043 | D:5      | Found an opulent altar of Gozag.
  3072 | D:5      | Found Kapnuh's Weapon Shoppe.
  3112 | D:5      | Found Usoichye's Assorted Antiques.
  3169 | D:5      | Found Adev's Antique Armour Shop.
  3311 | D:5      | Reached XP level 7. HP: 62/70 MP: 4/6
  3377 | D:5      | Found Xyafuow's Distillery.
  3420 | D:5      | Found Hic Ysyokhle's Assorted Antiques.
  3624 | D:5      | Reached skill level 7 in Unarmed Combat
  3968 | D:6      | Found a glowing golden altar of the Shining One.
  3973 | D:6      | Noticed an angel
  4078 | D:6      | Found a staircase to the Ecumenical Temple.
  4117 | D:6      | Reached skill level 5 in Fighting
  4117 | D:6      | Reached skill level 8 in Unarmed Combat
  4121 | D:6      | Reached XP level 8. HP: 41/80 MP: 3/7
  4245 | Temple   | Entered the Ecumenical Temple
  4817 | D:6      | Reached skill level 9 in Unarmed Combat
  5068 | D:6      | Found a basalt altar of Yredelemnul.
  5295 | D:7      | Noticed a hippogriff
  5302 | D:7      | Killed a hippogriff
  5339 | D:7      | Found a shadowy altar of Dithmenos.
  5352 | D:7      | Reached skill level 10 in Unarmed Combat
  5384 | D:7      | Reached XP level 9. HP: 84/89 MP: 6/8
  5466 | D:7      | Found a bloodstained altar of Trog.
  5764 | D:7      | Reached skill level 11 in Unarmed Combat
  6168 | D:8      | Found a sand-covered staircase.
  6207 | D:8      | Found a hazy altar of Hepliaklqana.
  6240 | Ossuary  | Entered an ossuary
  6491 | D:8      | Reached XP level 10. HP: 102/102 MP: 7/9
  6546 | D:8      | Reached skill level 12 in Unarmed Combat
  6776 | D:8      | Noticed a two-headed ogre
  6857 | D:8      | Found a shimmering altar of Xom.
  6862 | D:8      | Found a shimmering altar of Xom.
  6862 | D:8      | Found a shimmering altar of Xom.
  6863 | D:8      | Found a shimmering altar of Xom.
  6863 | D:8      | Found a shimmering altar of Xom.
  6863 | D:8      | Found a shimmering altar of Xom.
  6864 | D:8      | Found a shimmering altar of Xom.
  7089 | D:8      | Noticed an orb spider
  7090 | D:8      | an orb spider changed into a shapeshifter
  7091 | D:8      | Noticed a guardian serpent
  7091 | D:8      | a shapeshifter changed into a guardian serpent
  8119 | D:10     | Entered Level 10 of the Dungeon
  8448 | D:10     | Reached skill level 13 in Unarmed Combat
  8660 | D:10     | Found a staircase to the Lair.
  8660 | D:10     | Noticed an oklob plant
  8675 | D:10     | Killed an oklob plant
  8686 | Lair:1   | Entered Level 1 of the Lair of Beasts
  8690 | Lair:1   | Noticed a black mamba
  8699 | Lair:1   | Killed a black mamba
  8927 | Lair:1   | Reached XP level 11. HP: 93/113 MP: 5/10
  8966 | Lair:1   | Noticed Nergalle
  8978 | Lair:1   | Noticed an eight-headed hydra
  8979 | Lair:1   | Killed Nergalle
  9711 | Lair:1   | Noticed Urug
  9726 | Lair:1   | Slain by a spiny frog

Vault maps used:
D:1:      dpeg_arrival_erosion
D:2:      uniq_robin
D:3:      first_ration
D:4:      kennysheep_mini, fedhas_ov_isle_minmay
D:5:      grunt_gozag_statues, serial_shops, nicolae_shop_statue_plus,
          kennysheep_little_box, shop, shop,
          nicolae_shop_temple_entry_statues_fountains, minmay_starry_boxes
D:6:      grunt_temple_overflow_holy_war, minmay_temple_entry_statues_pillars
D:7:      cheibrodos_barr_body, grunt_dithmenos_smoke_and_mirrors,
          lightli_temple_of_fire
D:8:      nicolae_overflow_crystal_walls, xom_shifter_show, enter_ossuary_3
D:9:      hangedman_fish_farm
D:10:     dpeg_oklobed_lair, eino_small_chamber_without_monster,
          minmay_shattered_shrine
Temple:   dpeg_chambers_temple
Lair:1:   lab_entry_generic, uniq_urug, uniq_nergalle
Ossuary:  ossuary_crypta

Skill      XL: |  1  2  3  4  5  6  7  8  9 10 11 |
---------------+----------------------------------+-----
Unarmed Combat | 4 5 6 8 10 11 13 | 13.6
Fighting       | 3 4 5 6 7 8 |  8.6
Dodging        | 3 4 |  4.3
Stealth        | |  1.0

Action                   |  1- 3 |  4- 6 |  7- 9 | 10-12 || total
-------------------------+-------+-------+-------+-------++-------
Melee: Unarmed           |    84 |   166 |   371 |   262 ||   883
       Punch             |     1 |     3 |    29 |    15 ||    48
Evoke: Wand              |       |       |     1 |     7 ||     8
  Use: Scroll            |       |       |     7 |     1 ||     8
 Stab: Sleeping          |     4 |     4 |     3 |     2 ||    13
       Distracted        |       |     1 |       |       ||     1
  Eat: Chunk             |    13 |    20 |    31 |    26 ||    90
Armor: Robe              |    40 |    51 |   112 |    54 ||   257
Dodge: Dodged            |    61 |    72 |   174 |   145 ||   452

Table legend:
 A = Non-vault XP
 B = Vault XP
 C = Vault XP percentage of total XP
 D = Non-vault monster count
 E = Vault monster count
 F = Vault count percentage of total count
                 A         B        C        D         E       F
            +---------+---------+-------+---------+---------+-------
      Total |    9588 |    2992 |  23.8 |     240 |      46 |  16.1
            +---------+---------+-------+---------+---------+-------
        D:1 |      38 |       0 |   0.0 |      20 |       0 |   0.0
        D:2 |      70 |      34 |  32.7 |      19 |      11 |  36.7
        D:3 |      35 |       0 |   0.0 |      15 |       0 |   0.0
        D:4 |     401 |       0 |   0.0 |      12 |       0 |   0.0
        D:5 |     459 |      19 |   4.0 |      24 |       4 |  14.3
        D:6 |    1147 |       0 |   0.0 |      36 |       0 |   0.0
        D:7 |    2130 |     548 |  20.5 |      34 |      11 |  24.4
        D:8 |    1311 |       0 |   0.0 |      27 |       0 |   0.0
        D:9 |    1741 |     305 |  14.9 |      34 |       1 |   2.9
       D:10 |     794 |     997 |  55.7 |      12 |       6 |  33.3
     Lair:1 |    1462 |     812 |  35.7 |       7 |       1 |  12.5
    Ossuary |       0 |     277 | 100.0 |       0 |      12 | 100.0
            +---------+---------+-------+---------+---------+-------
